 Dungeon Crawl Stone Soup version 0.31-a0-221-gbddc013574 (webtiles) character file.

Game seed: 15048046215847034668

90 qw the Shooter (level 4, 0/36 HPs)
             Began as a Minotaur Hexslinger on July 4, 2023.
             Succumbed to Ijyb's poison
             ... on level 3 of the Dungeon.
             The game lasted 00:00:29 (1625 turns).

qw the Shooter (Minotaur Hexslinger)                Turns: 1625, Time: 00:00:29

Health: 0/36       AC:  4    Str: 13    XL:     4   Next: 32%
Magic:  4/4        EV: 12    Int: 10    God:
Gold:   2          SH:  0    Dex: 14    Spells: 4/5 levels left

rFire   . . .        Y - +1 sling
rCold   . . .        (no shield)
rNeg    . . .        c - +2 animal skin
rPois   .            (helmet restricted)
rElec   .            (no cloak)
rCorr   .            (no gloves)
SInv    .            (no boots)
Will    .....        (no amulet)
Stlth   +            (no ring)
HPRegen 0.26/turn    (no ring)
MPRegen 0.09/turn

%: no passive effects
@: lethally poisoned (0 -> -19)
A: horns 2, retaliatory headbutt
a: no special abilities


You were on level 3 of the Dungeon.
You visited 1 branch of the dungeon, and saw 3 of its levels.

You collected 65 gold pieces.
You spent 63 gold pieces at shops.


Innate Abilities, Weirdness & Mutations

You have a pair of horns on your head.
You reflexively headbutt those who attack you in melee.


   Skills:
 - Level 2.0 Fighting
 + Level 4.2 Ranged Weapons
 - Level 2.3 Armour
 - Level 2.1 Dodging
 - Level 1.0 Spellcasting
 - Level 2.0 Hexes


You had 4 spell levels left.
You knew the following spells:

 Your Spells              Type           Power      Damage    Failure   Level
a - Slow                  Hex            16%        N/A       16%         1

Your spell library contained the following spells:

 Spells                   Type           Power      Damage    Failure   Level
 Inner Flame              Hex/Fire       2%         N/A       56%         3
 Portal Projectile        Hex/Tloc       4%         N/A       56%         3
 Cause Fear               Hex            2%         N/A       83%         4

Inventory:

Hand Weapons
 Y - a +1 sling (weapon)
Armour
 c - a +2 animal skin (worn)
 h - a +0 pair of boots
Scrolls
 a - a scroll of enchant armour
 b - a scroll of identify
Potions
 d - a potion of might {unknown}
 e - a potion of attraction {unknown}
 f - a potion of curing {unknown}
 g - a potion of haste {unknown}

Dungeon Overview and Level Annotations

Branches:
Dungeon (3/15)

Altars:
Ru

Shops:
D:3 *

Annotations:
D:3 Ijyb


Message History

You can access your shopping list by pressing '$'.
You feel your willpower return.
Things that are here:
a +0 whip; a +0 leather armour; an orc corpse
Found a sacrificial altar of Ru.
Ijyb and a goblin come into view.
Ijyb is wielding a +1 dagger of venom and carrying a wand of paralysis (12).
You shoot a sling bullet. The sling bullet hits Ijyb.
Ijyb shouts!
Ijyb is moderately wounded.
The goblin shouts!
You shoot a sling bullet. The sling bullet barely misses Ijyb.
Ijyb zaps a wand.
You suddenly lose the ability to move!
Ijyb hits you with a +1 dagger of venom.
You are poisoned.
You feel very sick. The goblin hits you but does no damage.
Ijyb hits you with a +1 dagger of venom.
You are more poisoned.
You feel very sick. The goblin hits you with a +0 dagger.
Ijyb hits you but does no damage.
You are lethally poisoned!
You can move again.
You shoot a sling bullet. The sling bullet hits Ijyb.
Ijyb is moderately wounded.
You feel very sick. The goblin barely misses you.
Ijyb zaps a wand.
You resist with some effort.
You shoot a sling bullet. The sling bullet barely misses Ijyb.
You feel very sick. The goblin hits you but does no damage.
Ijyb zaps a wand.
You suddenly lose the ability to move!
You feel very sick. The goblin hits you but does no damage.
Ijyb hits you with a +1 dagger of venom.
You are more poisoned.
You can move again.
You shoot a sling bullet.
The sling bullet hits Ijyb but does no damage.
Ijyb is moderately wounded.
You die...

##..... ##...##
####.....####
#.........#..
#.##.....##.#
#.###...## .#
#.####..# .#
#.###.#.....###g#.#...
#.....<.#...).@....._.
#####%#....####g#.#...
#.####.# .# #.## #.#
.# #..###.####.#
#.\.......#..
######....### #.####
#.#


You could see Ijyb and a goblin.

Vanquished Creatures
  An orc priest (D:2)
  Robin (D:2)
  A worm (D:2)
  A dart slug (D:1)
  5 orcs
  A bat (D:1)
  An endoplasm (D:2)
  2 giant cockroaches (D:2)
  6 goblins
  6 hobgoblins
  2 kobolds (D:1)
  3 quokkas
  2 ball pythons
  3 frilled lizards (D:1)
  A rat (D:2)
36 creatures vanquished.

Notes
Turn   | Place    | Note
-------+----------+-------------------------------------------
     0 | D:1      | qw the Minotaur Hexslinger began the quest for the Orb.
     0 | D:1      | Reached XP level 1. HP: 16/16 MP: 1/1
     0 | D:1      | 0 ||| qw: Version: 0.3-a-41-g9d075ac
     0 | D:1      | 0 ||| qw: Game counter: 719
     0 | D:1      | 0 ||| qw: Melee chars always use a shield: true
     0 | D:1      | 0 ||| qw: God list: Okawaru
     0 | D:1      | 0 ||| qw: Allow faded altars: false
     0 | D:1      | 0 ||| qw: Do Orc after clearing Dungeon:15 true
     0 | D:1      | 0 ||| qw: Do second Lair branch before Depths: true
     0 | D:1      | 0 ||| qw: Lair rune preference: random
     0 | D:1      | 0 ||| qw: Goals: Normal
     0 | D:1      | 0 ||| PLANNING D:1-11
   332 | D:1      | Reached skill level 3 in Ranged Weapons
   332 | D:1      | Reached XP level 2. HP: 23/23 MP: 2/2
   638 | D:1      | 638 ||| UPGRADING to +0 ring mail.
   648 | D:1      | 648 ||| DROPPING +0 robe.
   649 | D:1      | 649 ||| DROPPING +6 ring of intelligence.
   650 | D:1      | 650 ||| READING scroll labelled QOGIAVVAMYE.
   651 | D:1      | 651 ||| READING scroll labelled LIPAPY ZEATZO.
   652 | D:1      | 652 ||| DROPPING scroll of poison.
   918 | D:2      | Noticed Robin
   922 | D:2      | Reached XP level 3. HP: 29/29 MP: 3/3
   930 | D:2      | HP: 7/29 [hobgoblin[Robin] (5)]
   931 | D:2      | Killed Robin
   932 | D:2      | Reached skill level 4 in Ranged Weapons
  1365 | D:2      | Reached XP level 4. HP: 27/36 MP: 4/4
  1548 | D:2      | 1548 ||| UPGRADING to +2 animal skin.
  1558 | D:2      | 1558 ||| DROPPING +0 ring mail.
  1559 | D:2      | 1559 ||| READING scroll labelled QACYECR ZOWK.
  1592 | D:3      | Found Dydghanwu's General Store.
  1604 | D:3      | 1604 ||| BUYING +0 pair of boots (63 gold).
  1604 | D:3      | Bought a +0 pair of boots for 63 gold pieces
  1604 | D:3      | 1604 ||| SHOPLISTING amulet of the acrobat (420 gold, have
                  | 2).
  1604 | D:3      | 1604 ||| SHOPLISTING potion of curing (42 gold, have 2).
  1614 | D:3      | Found a sacrificial altar of Ru.
  1615 | D:3      | Noticed Ijyb
  1617 | D:3      | Paralysed by Ijyb for 5 turns
  1623 | D:3      | Paralysed by Ijyb for 2 turns
  1624 | D:3      | HP: 8/36 [poisoned by Ijyb]
  1625 | D:3      | Succumbed to Ijyb's poison

Levels and vault maps discovered:
D:1:      dpeg_arrival_simpleton_b, layout_loops_ring, nrook_loot_triangle
D:2:      layout_basic, amcnicky_mini_corridor_feature, uniq_robin
D:3:      layout_loops_ring, nicolae_ru_sacrificial_ziggurat, minitemple,
          serial_shops, shop, gammafunk_ghost_grave, uniq_ijyb

Skill      XL: |  1  2  3 |
---------------+----------+-----
Ranged Weapons | 3 4 |  4.2
Fighting       | 2 |  2.0
Armour         | 2 |  2.3
Dodging        | |  2.1
Spellcasting   | |  1.0
Hexes          | |  2.0

Action                     |  1- 3 |  4- 6 || total
---------------------------+-------+-------++-------
   Fire: Sling             |    78 |    32 ||   110
    Use: Scroll            |     2 |     1 ||     3
 Armour: Ring mail         |    13 |    13 ||    26
         Animal skin       |       |     4 ||     4
  Dodge: Dodged            |    18 |    15 ||    33

Table legend:
 A = Non-vault XP
 B = Vault XP
 C = Vault XP percentage of total XP
 D = Non-vault monster count
 E = Vault monster count
 F = Vault count percentage of total count
                 A         B        C        D         E       F
            +---------+---------+-------+---------+---------+-------
      Total |      94 |      35 |  27.1 |      25 |      11 |  30.6
            +---------+---------+-------+---------+---------+-------
        D:1 |      20 |       0 |   0.0 |      11 |       0 |   0.0
        D:2 |      69 |      35 |  33.7 |      12 |      11 |  47.8
        D:3 |       5 |       0 |   0.0 |       2 |       0 |   0.0
            +---------+---------+-------+---------+---------+-------
